AoeStats
← Flörider

Pilgrims

509723037Analyzed
3v3 RM · 5d ago on Sep 27, 2026· 26m 39s· 6 players
Game mode
Random Map
Map size
Normal (6 player)
Population
200
Speed
Normal
Resources
Standard
Victory
Conquest
Starting age
Dark Age
Ending age
Imperial Age
RankedLock teamsTeams togetherTeam positionsShared explorationLock speedFull tech treeHidden civsTurbo modeCheats
Victory
Defeat
🇩🇪 Japanese · Germany
1081
+13
🇧🇪 Vietnamese · Belgium
992
+17
🇩🇪 Persians · Germany
992
+17
🇲🇽 Koreans · Mexico
1075
-18
🇲🇽 Huns · Mexico
1020
-16
🇲🇽 Varangians · Mexico
952
-13
Joaka11
8:33 Loom
10:52 Feudal Age
11:42 Fishing Lines
11:49 Fishing Lines
16:04 Man-at-Arms
18:30 Bloodlines
yac_harriet
4:58 Loom
14:21 Feudal Age
16:07 Fletching
17:12 Double-Bit Axe
Black_Hat00
5:27 Loom
15:54 Feudal Age
15:59 Man-at-Arms
17:47 Arson
18:06 Double-Bit Axe
18:05 Horse Collar
26:07 Forging
Oracio
4:25 Loom
10:46 Feudal Age
12:03 Wheelbarrow
11:14 Town Watch
11:47 Double-Bit Axe
14:08 Horse Collar
14:28 Fishing Lines
16:28 Fishing Lines
20:46 Castle Age
19:32 Fletching
19:43 Scale Mail Armor
21:16 Padded Archer Armor
21:27 Forging
21:39 Heavy Plow
22:43 Gillnets
24:29 Medium Warships
26:06 Hand Cart
26:26 Squires
27:05 Bow Saw
Flörider
7:34 Loom
12:15 Feudal Age
13:01 Double-Bit Axe
17:58 Castle Age
17:22 Scale Barding Armor
17:31 Bloodlines
19:52 Forging
20:06 Bow Saw
23:09 Iron Casting
25:45 Chain Barding Armor
JRCLD
5:58 Loom
13:16 Feudal Age
14:06 Double-Bit Axe
14:03 Fishing Lines
15:15 Town Watch
16:10 Wheelbarrow
20:36 Castle Age
19:12 Bloodlines
20:26 Scale Barding Armor
20:23 Horse Collar
20:48 Light Cavalry
21:54 Husbandry
22:46 Gillnets
25:21 Hand Cart
25:13 Heavy Plow
25:26 Bow Saw
25:49 Gold Mining
Connection lost

Rejoining the realm…

Still unreachable

The connection could not be restored.

Session expired

The server has moved on; the page needs a fresh start.